 Dungeon Crawl Stone Soup version 0.28-a0-1518-gbe868bca14 (webtiles) character file.

Game seed: 14921167603535108131

218 porpoise the Sneak (level 5, -4/42 HPs)
             Began as a Demonspawn Brigand on Jan 17, 2022.
             Killed by divine providence
             ... invoked by an orc priest
              (13 damage)
             ... on level 4 of the Dungeon.
             The game lasted 00:07:54 (3350 turns).

porpoise the Sneak (Demonspawn Brigand)             Turns: 3350, Time: 00:07:55

Health: -4/42      AC: 12    Str: 13    XL:     5   Next: 63%
Magic:  5/5        EV: 11    Int: 13    God:
Gold:   62         SH:  0    Dex: 14    Spells: 4/4 levels left

rFire   . . .      SeeInvis .   a - +2 dagger
rCold   . . .      Faith    .   (no shield)
rNeg    . . .      Spirit   .   g - +0 robe
rPois   .          Reflect  .   (no helmet)
rElec   .          Harm     .   c - +0 cloak
rCorr   .          Rampage  +   (no gloves)
Will    .....                   r - +2 pair of boots {rampage}
Stlth   +++.......              (no amulet)
HPRegen 0.14/turn               i - ring of wizardry
MPRegen 0.09/turn               l - +4 ring of protection

@: no status effects
A: yellow scales 1, demonic touch 1
a: no special abilities


You were on level 4 of the Dungeon.
You visited 1 branch of the dungeon, and saw 4 of its levels.

You collected 62 gold pieces.

Inventory:

Hand Weapons
 a - a +2 dagger (weapon)
 b - a +0 hunting sling
Missiles
 d - 10 poisoned darts
 e - 2 curare-tipped darts (quivered)
 h - 22 stones
Armour
 c - a +0 cloak (worn)
 g - a +0 robe (worn)
 r - a +2 pair of boots of rampaging (worn)
Magical Staves
 j - a staff of earth
Jewellery
 i - a ring of wizardry (left hand)
 l - a +4 ring of protection (right hand)
Wands
 o - a wand of acid (7)
 s - a wand of polymorph (6)
Scrolls
 q - 3 scrolls of enchant weapon {unknown}
 t - a scroll of silence {unknown}
Potions
 f - 2 potions of resistance {unknown}
 k - 2 potions of heal wounds
 m - a potion of mutation {unknown}
 n - a potion of curing {unknown}
 p - 2 potions of degeneration {unknown}


   Skills:
 + Level 3.7 Fighting
 + Level 3.4 Short Blades
 - Level 1.7 Throwing
 - Level 0.8 Dodging
 + Level 4.9 Stealth


You had 4 spell levels left.
You didn't know any spells.
Your spell library contained the following spells:

 Spells                   Type           Power      Damage    Failure   Level
 Apportation              Tloc           0%         N/A       12%         1
 Alistair's Intoxication  Tmut/Pois      0%         N/A       96%         5


Dungeon Overview and Level Annotations

Branches:
Dungeon (4/15)
 Temple: D:4-7

Altars:
Cheibriados
Ru

Shops:
D:3 [   D:4 **


Innate Abilities, Weirdness & Mutations

You are partially covered in yellow scales. (AC +2)
Your touch may inflict minor irresistible damage on your foes.


Message History

The orc hits you with a +0 war axe.
You hit the orc but do no damage.
You touch the orc.
You kill the orc!
The orc hits you but does no damage. The orc hits you but does no damage.
You closely miss the orc. Your punch misses the orc. You hit the orc.
The orc is heavily wounded.
The orc hits you but does no damage.
You hit the orc.
You kill the orc!
The orc priest mumbles some strange prayers to Beogh against you.
Beogh smites you!
You are too injured to fight recklessly!
You are too injured to fight recklessly!
You are too injured to fight recklessly!
You hit the orc priest.
You touch the orc priest.
The orc priest is moderately wounded.
The orc priest hits you with a +0 mace.
You barely miss the orc priest. Your touch misses the orc priest.
The orc priest is moderately wounded.
The orc priest hits you with a +0 mace.
You closely miss the orc priest.
The orc priest is moderately wounded.
The orc priest hits you but does no damage.
You hit the orc priest.
The orc priest is heavily wounded.
You hit the orc priest. Your touch misses the orc priest.
The orc priest is severely wounded.
The orc priest calls down the wrath of Beogh upon you.
Pain shoots through your body!
* * * LOW HITPOINT WARNING * * *
You hit the orc priest.
The orc priest is almost dead.
The orc priest barely misses you.
You hit the orc priest.
The orc priest is almost dead.
The orc priest calls down the wrath of Beogh upon you.
Beogh smites you!
You die...

................≈≈≈≈≈...#....'.).
.....##..#......≈≈≈....#....#...
....######............+....#...
## #..##...'.....#......#....####
..##..##..###+####......####'##..
..........## #...............#..
...........# #...............#..
...........# #...............'..
#+###.######+##.@))...........###
....#.##..#.....#o#######........
....'.....#.....+..((...#........
..≈.#.....#.....#..(....#).......
≈...#.....+.....#.......#........
≈.≈.#######.....#########....###.
.≈≈..........................#≈##
≈≈...........##..............#≈≈≈
≈♣≈......##..##..............# #≈


You could see an orc priest.

Vanquished Creatures
  A water moccasin skeleton (D:4)
  A hound (D:4)
  Terence (D:2)
  4 adders
  A worm (D:2)
  2 dart slugs
  6 orcs
  3 endoplasms
  A giant cockroach (D:1)
  4 goblins
  6 hobgoblins
  6 jackals (D:1)
  4 quokkas
  6 ball pythons
  5 bats
  5 frilled lizards
  8 kobolds
  4 rats
68 creatures vanquished.

Vanquished Creatures (others)
  2 plants (D:1)
2 creatures vanquished.

Grand Total: 70 creatures vanquished

Notes
Turn   | Place    | Note
-------+----------+-------------------------------------------
     0 | D:1      | porpoise the Demonspawn Brigand began the quest for the
                  | Orb.
     0 | D:1      | Reached XP level 1. HP: 16/16 MP: 1/1
   120 | D:1      | Gained mutation: Your touch may inflict minor irresistible
                  | damage on your foes. [demonic ancestry]
   120 | D:1      | Reached XP level 2. HP: 22/22 MP: 2/2
   412 | D:1      | Found a faded altar of an unknown god.
   657 | D:1      | Reached skill level 4 in Stealth
   753 | D:1      | Reached XP level 3. HP: 22/28 MP: 3/3
  1461 | D:2      | Noticed Terence
  1472 | D:2      | Killed Terence
  1473 | D:2      | Reached XP level 4. HP: 15/35 MP: 4/4
  2134 | D:3      | Found a sacrificial altar of Ru.
  2724 | D:3      | Found Wuroer's Armour Shop.
  3001 | D:4      | Gained mutation: You are partially covered in yellow
                  | scales. (AC +2) [demonic ancestry]
  3001 | D:4      | Reached XP level 5. HP: 33/41 MP: 5/5
  3204 | D:4      | Found Hutuze's General Store.
  3264 | D:4      | Found Ymaomnou's General Store.
  3264 | D:4      | Found a snail-covered altar of Cheibriados.
  3350 | D:4      | Killed from afar by an orc priest

Illustrated notes

Levels and vault maps discovered:
D:1:      co_arrival_random_square_maze, layout_rooms,
          shapermc_ecumenical_altar_petra
D:2:      layout_rooms, uniq_terence
D:3:      layout_loops_ring, nicolae_ru_sacrificial_ziggurat, serial_shops,
          nicolae_shop_hallway_stairs
D:4:      layout_gridville, kennysheep_slug_shrine,
          minmay_temple_entry_drinking_statues, serial_shops,
          nicolae_take_the_stairs, nicolae_shop_behind_doors,
          nicolae_stop_n_shop_1, nicolae_shop_waterfront, nicolae_square_shop,
          serial_rivers, chequers_serial_rivers_small_3,
          chequers_serial_rivers_marsh, chequers_serial_rivers_micro_a,
          chequers_serial_rivers_room_a

Skill      XL: |  1  2  3  4 |
---------------+-------------+-----
Short Blades   | 2 3 |  3.4
Stealth        | 4 |  4.9
Fighting       | 3 |  3.7
Throwing       | |  1.7
Dodging        | |  0.8

Action                   |  1- 3 |  4- 6 || total
-------------------------+-------+-------++-------
Melee: Dagger            |    88 |    92 ||   180
       Touch             |    15 |     9 ||    24
       Punch             |       |     4 ||     4
 Fire: Hunting sling     |       |     8 ||     8
  Use: Scroll            |     2 |     2 ||     4
 Stab: Sleeping          |    12 |     7 ||    19
Armor: Robe              |    25 |    24 ||    49
Dodge: Dodged            |    41 |    32 ||    73

Table legend: (Time is in decaauts)
 A = Elapsed time spent in this place.
 B = Non-inter-level travel time spent in this place.
 C = Inter-level travel time spent in this place.
 D = Time resting spent in this place.
 E = Time spent auto-exploring this place.
 F = Levels seen in this place.
 G = Mean time per level.
                   A        B        C        D        E       F      G
               +--------+--------+--------+--------+--------+-----+--------+
         Total |   3327 |   3214 |    113 |   1090 |   1608 |   4 |  831.8 |
       Dungeon |   3327 |   3214 |    113 |   1090 |   1608 |   4 |  831.8 |
               +--------+--------+--------+--------+--------+-----+--------+

Top non-repeatable levels by time:
     D:1: 1208 daAuts
     D:2: 900 daAuts
     D:3: 824 daAuts
     D:4: 393 daAuts
